 Dungeon Crawl Stone Soup version 0.17-a0-2027-gcac42c4 (webtiles) character file.

3364 Kidiri the Protected (level 10, -9/60 HPs)
             Began as a Gargoyle Fighter on Oct 10, 2015.
             Was a Follower of Okawaru.
             Killed by divine providence
             ... invoked by an orc priest
              (12 damage)
             ... on level 8 of the Dungeon.
             The game lasted 00:25:18 (7667 turns).

Kidiri the Protected (Gargoyle Fighter)             Turns: 7667, Time: 00:25:18

Health: -9/60      AC: 21    Str: 21    XL:     10   Next: 3%
Magic:  11/11      EV: 14    Int:  9    God:    Okawaru [*.....]
Gold:   396        SH: 12    Dex: 11    Spells: 0 memorised, 9 levels left

rFire  . . .     SeeInvis .     y - +0 morningstar
rCold  + . .     Clarity  .     o - +2 ring mail {MR+}
rNeg   + . .     SustAt   .     c - +1 shield
rPois  ∞         Gourm    .     (helmet restricted)
rElec  +         Spirit   .     p - +1 cloak
rCorr  .         Warding  .     (no gloves)
rMut   .         Stasis   .     i - +1 pair of boots {Fly}
MR     +....                    (no amulet)
Stlth  +.........               (no ring)
                                v - +3 ring of evasion

@: about to teleport, flying, somewhat resistant to hostile enchantments, very
unstealthy
A: antennae 1, icy blue scales 1, cold resistance 1, negative energy resistance
1, electricity resistance, unbreathing, petrification resistance, rot immunity,
AC +7
a: Heroism, Renounce Religion, Stop Flying


You were on level 8 of the Dungeon.
You worshipped Okawaru.
Okawaru was aware of your devotion.
You were not hungry.

You visited 2 branches of the dungeon, and saw 9 of its levels.

You collected 396 gold pieces.

Inventory:

Hand Weapons
 y - a +0 morningstar (weapon)
Armour
 c - a +1 shield (worn)
 i - a +1 pair of boots of flying (worn)
 o - a +2 ring mail of magic resistance (worn)
 p - a +1 cloak (worn)
Jewellery
 v - a +3 ring of evasion (left hand)
Wands
 a - a wand of random effects (30)
 x - a wand of cold (8)
Scrolls
 g - 7 scrolls of remove curse
 k - 2 scrolls of noise
 l - a scroll of teleportation
 n - a scroll of blinking {unknown}
 q - 2 scrolls of enchant weapon {unknown}
 r - 6 scrolls of magic mapping {unknown}
 s - a scroll of amnesia {unknown}
Potions
 b - a potion of invisibility
 d - a potion of might
 f - a potion of agility
 h - a potion of berserk rage
 j - a potion of magic
 t - a potion of cancellation {unknown}
 u - a potion of mutation {unknown}
 z - a potion of haste {unknown}
Comestibles
 e - 3 bread rations
 m - 2 meat rations
 w - 8 chunks of flesh
 B - 3 fruits


   Skills:
 + Level 6.2 Fighting
 * Level 7.3 Maces & Flails
 * Level 8.1 Armour
 + Level 4.0 Dodging
 * Level 7.9 Shields
 + Level 1.6 Invocations


You had 9 spell levels left.
You didn't know any spells.

Dungeon Overview and Level Annotations

Branches:
Dungeon (8/15)             Temple (1/1) D:6
   Lair: D:8-11

Altars:
Ashenzari
Cheibriados
Dithmenos
Elyvilon
Fedhas
Gozag
Kikubaaqudgha
Makhleb
Nemelex Xobeh
Okawaru
Qazlal
Ru
Sif Muna
Trog
Vehumet
Xom
Yredelemnul
Zin
The Shining One


Innate Abilities, Weirdness & Mutations

You are resistant to torment.
Your stone body is resilient (AC +7).
You are immune to poison.
You resist negative energy.
You are resistant to electric shocks.
You can survive without breathing.
You are immune to petrification.
You are immune to rotting.
You have a pair of small antennae on your head.
You are partially covered in icy blue scales (AC +1).
Your flesh is cold resistant.


Message History

The killer bee stings you.
* * * LOW HITPOINT WARNING * * *
The killer bee barely misses you. You block the killer bee's attack.
The orc priest calls down the wrath of Beogh upon you.
Something smites you!
* * * LOW HITPOINT WARNING * * *
Drink which item? (? for menu, Esc to quit)
You can't drink that!
Unknown command.
Unknown command.
Read which item? (? for menu, Esc to quit)
As you read the scroll of teleportation, it crumbles to dust.
You feel strangely unstable. The killer bee barely misses you.
The killer bee barely misses you.
Unknown command.
You block the killer bee's attack. The killer bee barely misses you.
The orc priest invokes the aid of Beogh against you.
Something smites you!
You die...

##.## ######. ....# #.
.##.######## ###. .)..........
#..% #.#.######.. ####... ....# #
####....≈≈ ...## #. #[...≈≈≈≈#
.#..######.o############.≈≈≈≈#≈≈≈
###........o{..y@........≈#≈≈≈≈#≈
# ##.#####.o############.≈≈≈#≈≈≈≈
##:>.....# #..≈≈≈≈#≈≈ #
##.#####.## ##.≈#≈≈≈≈# ###.##
#.≈≈≈#≈≈≈ .#.## #.)≈≈≈≈#≈ ..##
#..≈#≈≈≈≈ .## #..≈≈≈... ..
#........


You could see a killer bee, an orc priest, an orc wizard and an orc.

Vanquished Creatures
  Sigmund (D:2)
  A wyvern (D:8)
  Menkaure (D:6)
  Edmund (D:6)
  Duvessa (D:5)
  3 phantoms
  An orc warrior (D:6)
  2 ice beasts
  4 centaurs
  5 ogres
  Dowan (D:5)
  A giant frog (D:6)
  A water moccasin skeleton (D:8)
  2 scorpions
  8 killer bees (D:8)
  A quasit (D:7)
  A centaur zombie (D:5)
  2 crimson imps
  2 hounds
  A lava snake (D:8)
  2 orc priests
  Crazy Yiuf (D:7)
  3 orc wizards
  An iguana (D:7)
  An iron imp (D:5)
  Terence (D:3)
  3 worker ants
  A hound skeleton (D:5)
  2 worker ant zombies (D:5)
  7 gnolls
  6 adders
  2 oozes
  4 adder skeletons
  2 worms (D:2)
  3 giant geckos
  26 orcs
  2 ball pythons
  3 giant cockroaches
  5 goblins
  10 hobgoblins
  22 jackals
  6 kobolds
  3 quokkas
  A ball python zombie (D:5)
  12 bats
  A giant gecko skeleton (D:8)
  4 giant newts
  A jackal skeleton (D:4)
  A quokka zombie (D:8)
  7 rats
183 creatures vanquished.

Vanquished Creatures (others)
  10 fungi (D:8)
10 creatures vanquished.

Grand Total: 193 creatures vanquished

Notes
Turn   | Place    | Note
--------------------------------------------------------------
     0 | D:1      | Kidiri the Gargoyle Fighter began the quest for the Orb.
     0 | D:1      | Reached XP level 1. HP: 14/14 MP: 1/1
   149 | D:1      | Reached XP level 2. HP: 12/19 MP: 2/2
   754 | D:1      | Reached XP level 3. HP: 23/23 MP: 3/3
   876 | D:2      | Gained mutation: You have a pair of small antennae on your head. [potion of beneficial mutation]
   999 | D:2      | Noticed Sigmund
  1020 | D:2      | Killed Sigmund
  1020 | D:2      | Reached skill level 4 in Fighting
  1020 | D:2      | Reached skill level 1 in Dodging
  1020 | D:2      | Reached XP level 4. HP: 16/29 MP: 4/4
  1020 | D:2      | Reached XP level 5. HP: 18/33 MP: 5/5
  1382 | D:2      | Reached XP level 6. HP: 38/38 MP: 6/6
  2023 | D:3      | Found a sacrificial altar of Ru.
  2057 | D:3      | Noticed Terence
  2079 | D:3      | Killed Terence
  2118 | D:3      | Gained mutation: Your flesh is cold resistant. [potion of beneficial mutation]
  2257 | D:3      | Found a shattered altar of Ashenzari.
  2954 | D:4      | Reached skill level 5 in Armour
  2954 | D:4      | Reached skill level 5 in Shields
  2954 | D:4      | Reached XP level 7. HP: 27/44 MP: 7/7
  2996 | D:4      | Found a blossoming altar of Fedhas.
  3603 | D:5      | Entered Level 5 of the Dungeon
  3814 | D:5      | Noticed Duvessa
  3815 | D:5      | Noticed Dowan
  3846 | D:5      | Killed Duvessa
  3846 | D:5      | Reached XP level 8. HP: 36/48 MP: 8/8
  3914 | D:5      | Reached skill level 6 in Shields
  3930 | D:5      | Killed Dowan
  3930 | D:5      | Reached skill level 5 in Fighting
  4138 | D:5      | Reached skill level 5 in Maces & Flails
  4598 | D:5      | Found a burning altar of Makhleb.
  4636 | D:5      | Found a sparkling altar of Nemelex Xobeh.
  4754 | D:6      | Noticed Menkaure
  4761 | D:6      | Killed Menkaure
  4852 | D:6      | Gained mutation: You are partially covered in icy blue scales (AC +1). [potion of beneficial mutation]
  4991 | D:6      | Noticed Edmund
  5003 | D:6      | Killed Edmund
  5003 | D:6      | Reached XP level 9. HP: 37/54 MP: 9/9
  5190 | D:6      | Found a deep blue altar of Sif Muna.
  5430 | D:6      | Found a staircase to the Ecumenical Temple.
  5498 | Temple   | Entered the Ecumenical Temple
  5699 | D:6      | Reached skill level 7 in Shields
  6525 | D:7      | Noticed Crazy Yiuf
  6529 | D:7      | Killed Crazy Yiuf
  7100 | D:8      | Found an iron altar of Okawaru.
  7103 | D:8      | Became a worshipper of Warmaster Okawaru
  7494 | D:8      | Reached skill level 1 in Invocations
  7567 | D:8      | Reached skill level 8 in Armour
  7633 | D:8      | Acquired Okawaru's first power
  7633 | D:8      | Reached XP level 10. HP: 19/60 MP: 11/11
  7663 | D:8      | HP: 2/60 [orc priest/divine providence (9)]
  7667 | D:8      | Killed from afar by an orc priest

Vault maps used:
D:1:      dpeg_arrival_boxorama
D:2:      uniq_sigmund
D:3:      lemuel_doored_altar, overflow_temple_1_default, dk_noncrumbling_3,
          uniq_terence
D:4:      fedhas_bush_and_centaur_altar
D:5:      kennysheep_mini, makhleb_grotto_becter, first_bread, uniq_duvessa
D:6:      nicolae_overflow_hidden_temple, temple_hall, uniq_menkaure,
          uniq_edmund
D:7:      uniq_crazy_yiuf_cottage
D:8:      david_nohive_1, minmay_gold_behind_fungi, nicolae_lava_and_water,
          grunt_ministairs_10, okawaru_metal_pillars_1_2, uniq_grum
Temple:   circular_temple_12

Action                   |  1- 3 |  4- 6 |  7- 9 | 10-12 || total
-------------------------+-------+-------+-------+-------++-------
Melee: Flail             |   139 |   277 |   424 |       ||   840
       Morningstar       |       |       |   238 |    13 ||   251
  Use: Scroll            |     4 |     2 |     6 |     1 ||    13
       Potion            |     1 |     1 |     5 |       ||     7
  Eat: Chunk             |     1 |     2 |     9 |       ||    12
       Bread ration      |       |     1 |     1 |       ||     2
       Royal jelly       |       |       |     2 |       ||     2
